 Dungeon Crawl Stone Soup version 0.31-a0-216-g22e908daa7 (webtiles) character file.

Game seed: 396593599415671099

863 qw the Chopper (level 8, -3/49 HPs)
             Began as a Gargoyle Fighter on July 1, 2023.
             Was an Initiate of Okawaru.
             Killed from afar by an acid dragon (24 damage)
             ... with a splash of acid
             ... on level 5 of the Dungeon.
             The game lasted 00:02:07 (4396 turns).

qw the Chopper (Gargoyle Fighter)                   Turns: 4396, Time: 00:02:08

Health: -3/49      AC:  8    Str: 23    XL:     8   Next: 3%
Magic:  7/9        EV: 10    Int:  8    God:    Okawaru [......]
Gold:   264        SH:  5    Dex:  9    Spells: 7/7 levels left

rFire   . . .        Y - +0 war axe
rCold   . . .        c - +0 buckler
rNeg    + . .        m - +0 chain mail
rPois   inf          (no helmet)
rElec   +            (no cloak)
rCorr   .            (no gloves)
SInv    .            (no boots)
Will    .....        (no amulet) Stlth
                     (no ring)
HPRegen 0.28/turn    (no ring)
MPRegen 0.11/turn

%: no passive effects
@: heroic, corroded
A: sickness immunity, AC +5, negative energy resistance 1, electricity
resistance, torment resistance 1, petrification resistance
a: Renounce Religion


You were on level 5 of the Dungeon.
You worshipped Okawaru.
Okawaru was noncommittal.
You visited 1 branch of the dungeon, and saw 5 of its levels.

You collected 264 gold pieces.


Innate Abilities, Weirdness & Mutations

You are immune to sickness and miasma.
Your stone body is resilient. (AC +5)
You are immune to poison.
You resist negative energy. (rN+)
You are resistant to electric shocks. (rElec)
You are resistant to unholy torment.
You are immune to petrification.


   Skills:
 - Level 5.0(10.0) Fighting
 + Level 7.0(12.0) Axes
 - Level 1.0(6.0) Throwing
 - Level 3.2(8.2) Armour
 - Level 1.3(6.3) Dodging
 - Level 3.2(8.2) Shields
 + Level 1.4 Invocations


You had 7 spell levels left.
You didn't know any spells.
Your spell library was empty.

Inventory:

Hand Weapons
 f - a +0 flail
 Y - a +0 war axe (weapon)
Missiles
 g - 7 boomerangs (quivered)
Armour
 c - a +0 buckler (worn)
 m - a +0 chain mail (worn)
Scrolls
 a - a scroll of identify
Potions
 d - 2 potions of might
 e - a potion of curing
 h - a potion of resistance
 i - a potion of degeneration {unknown}
 j - a potion of enlightenment {unknown}

Dungeon Overview and Level Annotations

Branches:
Dungeon (5/15)
 Temple: D:4-7

Altars:
Elyvilon
Kikubaaqudgha
Okawaru
Zin


Message History

The hound is heavily wounded.
You completely miss the acid dragon. The acid dragon bites you.
The acid dragon closely misses you. The hound bites you but does no damage.
The acid dragon barely misses you.
The acid dragon claws you but does no damage.
The hound bites you.
You barely miss the hound.
The hound is heavily wounded.
You closely miss the acid dragon. The hound barely misses you.
The acid dragon completely misses you. You block the acid dragon's attack.
You hit the hound.
The hound is almost dead.
You barely miss the acid dragon. You block the hound's attack.
The hound bites you. The acid dragon spits acid at you.
The splash of acid hits you. The acid corrodes you!
You barely miss the hound.
The hound is almost dead.
You hit the acid dragon but do no damage.
The hound bites you. You block the acid dragon's attack.
The acid dragon claws you. The hound bites you but does no damage.
4394 ||| DRINKING potion of heal wounds.
You feel much better. The hound barely misses you. The acid dragon bites you!
The acid dragon claws you but does no damage.
You hit the hound.
You kill the hound!
Okawaru accepts your kill.
You can now gain great but temporary skills.
You hit the acid dragon but do no damage.
The acid dragon bites you. The acid dragon claws you.
Your Fighting skill increases to level 5!
You have reached level 8!
You feel stronger.
4396 ||| INVOKING Heroism.
You gain the combat prowess of a mighty hero.
You can no longer gain great but temporary skills.
The acid dragon spits acid at you. The splash of acid hits you!!
You die...

#........#
#.#
#........#
#.#
#.#......###
# #........#
+........#
#.....#..##
#.....###..##
.....# ##..##
#...# ##.@#
#..# ##.D.#
#.. .....+
..#.>## ...
### ....
..... ###...


You could see an acid dragon (catching breath).

Vanquished Creatures
  Sigmund (D:3)
  An ogre (D:4)
  2 scorpions (D:4)
  A killer bee (D:4)
  2 hounds (D:5)
  A jelly (D:3)
  2 orc priests (D:4)
  An iguana (D:4)
  A gnoll bouda (D:4)
  An orc wizard (D:4)
  4 gnolls
  6 adders
  3 worms
  4 dart slugs
  14 orcs
  9 endoplasms
  3 giant cockroaches
  8 hobgoblins
  5 jackals
  5 quokkas
  8 ball pythons
  9 bats
  8 frilled lizards
  6 goblins
  7 kobolds
  4 rats
116 creatures vanquished.

Notes
Turn   | Place    | Note
-------+----------+-------------------------------------------
     0 | D:1      | qw the Gargoyle Fighter began the quest for the Orb.
     0 | D:1      | Reached XP level 1. HP: 14/14 MP: 1/1
     0 | D:1      | 0 ||| qw: Version: 0.3-a-35-g05ef00e
     0 | D:1      | 0 ||| qw: Game counter: 7774
     0 | D:1      | 0 ||| qw: Melee chars always use a shield: true
     0 | D:1      | 0 ||| qw: God list: Okawaru
     0 | D:1      | 0 ||| qw: Allow faded altars: false
     0 | D:1      | 0 ||| qw: Do Orc after clearing Dungeon:15 true
     0 | D:1      | 0 ||| qw: Do second Lair branch before Depths: true
     0 | D:1      | 0 ||| qw: Lair rune preference: random
     0 | D:1      | 0 ||| qw: Goals: Normal, Zot:1-4, Slime:5, God:TSO, Crypt,
                  | Tomb, Abyss, Pan, Hells, Win
     0 | D:1      | 0 ||| PLANNING D:1-11
    61 | D:1      | Reached skill level 2 in Axes
    97 | D:1      | Found a faded altar of an unknown god.
   148 | D:1      | Reached XP level 2. HP: 19/19 MP: 2/2
   422 | D:1      | Reached skill level 3 in Axes
   447 | D:1      | Reached XP level 3. HP: 23/23 MP: 3/3
   485 | D:1      | 485 ||| Stepping ~*~*~tactically~*~*~ (hiding).
   591 | D:1      | 591 ||| DROPPING +0 club.
   949 | D:1      | 949 ||| READING scroll labelled HUMARUZUEPN.
   950 | D:1      | 950 ||| READING scroll labelled QUORAK FAAW.
  1012 | D:2      | 1012 ||| STAIRDANCE
  1052 | D:2      | Reached XP level 4. HP: 26/28 MP: 4/4
  1072 | D:2      | Reached skill level 4 in Axes
  1680 | D:2      | 1680 ||| READING scroll labelled MOSUPNOTOX.
  1732 | D:3      | Found a white marble altar of Elyvilon.
  1825 | D:3      | 1825 ||| Stepping ~*~*~tactically~*~*~ (stealth).
  1956 | D:3      | 1956 ||| FLEEEEING.
  1960 | D:3      | Reached XP level 5. HP: 24/32 MP: 5/5
  1966 | D:3      | 1966 ||| STAIRDANCE
  1992 | D:2      | 1992 ||| READING scroll labelled QYUGOI FIESI.
  1993 | D:2      | 1993 ||| DRINKING 2 black potions.
  2001 | D:3      | 2001 ||| Stepping ~*~*~tactically~*~*~ (stealth).
  2006 | D:3      | 2006 ||| DROPPING +1 whip of flaming.
  2057 | D:3      | Found an ancient bone altar of Kikubaaqudgha.
  2112 | D:3      | 2112 ||| Stepping ~*~*~tactically~*~*~ (hiding).
  2113 | D:3      | 2113 ||| Stepping ~*~*~tactically~*~*~ (hiding).
  2238 | D:3      | Noticed Sigmund
  2249 | D:3      | HP: 5/32 [Sigmund/puff of flame (6)]
  2250 | D:3      | 2250 ||| DRINKING potion of heal wounds.
  2256 | D:3      | Killed Sigmund
  2257 | D:3      | Reached skill level 5 in Axes
  2257 | D:3      | Reached XP level 6. HP: 23/37 MP: 6/6
  2340 | D:3      | 2340 ||| DROPPING +0 mace of protection.
  2354 | D:3      | Found an iron altar of Okawaru.
  2355 | D:3      | 2355 ||| PLANNING OKAWARU WORSHIP
  2355 | D:3      | 2355 ||| DRINKING 2 emerald potions.
  2363 | D:3      | Became a worshipper of Warmaster Okawaru
  2364 | D:3      | 2364 ||| PLANNING D:1-11
  2487 | D:3      | 2487 ||| Stepping ~*~*~tactically~*~*~ (stealth).
  2488 | D:3      | 2488 ||| Stepping ~*~*~tactically~*~*~ (stealth).
  2617 | D:4      | HP: 3/37 [ogre/+0 giant club (22)]
  2861 | D:4      | Found a glowing silver altar of Zin.
  2889 | D:4      | 2889 ||| FLEEEEING.
  2890 | D:4      | 2890 ||| FLEEEEING.
  2891 | D:4      | 2891 ||| FLEEEEING.
  2892 | D:4      | 2892 ||| FLEEEEING.
  2893 | D:4      | 2893 ||| FLEEEEING.
  2894 | D:4      | 2894 ||| FLEEEEING.
  2895 | D:4      | 2895 ||| FLEEEEING.
  2896 | D:4      | 2896 ||| FLEEEEING.
  2897 | D:4      | 2897 ||| FLEEEEING.
  2898 | D:4      | 2898 ||| FLEEEEING.
  2899 | D:4      | 2899 ||| FLEEEEING.
  2900 | D:4      | 2900 ||| FLEEEEING.
  2901 | D:4      | 2901 ||| FLEEEEING.
  2903 | D:4      | 2903 ||| FLEEEEING.
  2904 | D:4      | 2904 ||| FLEEEEING.
  2905 | D:4      | 2905 ||| FLEEEEING.
  2906 | D:4      | 2906 ||| FLEEEEING.
  2907 | D:4      | 2907 ||| FLEEEEING.
  2908 | D:4      | 2908 ||| FLEEEEING.
  2909 | D:4      | 2909 ||| FLEEEEING.
  2910 | D:4      | 2910 ||| FLEEEEING.
  2911 | D:4      | 2911 ||| FLEEEEING.
  2912 | D:4      | 2912 ||| FLEEEEING.
  2913 | D:4      | 2913 ||| FLEEEEING.
  2914 | D:4      | 2914 ||| FLEEEEING.
  2915 | D:4      | 2915 ||| FLEEEEING.
  2916 | D:4      | 2916 ||| FLEEEEING.
  2917 | D:4      | 2917 ||| FLEEEEING.
  2918 | D:4      | 2918 ||| FLEEEEING.
  2919 | D:4      | 2919 ||| FLEEEEING.
  2920 | D:4      | 2920 ||| FLEEEEING.
  2921 | D:4      | 2921 ||| FLEEEEING.
  2922 | D:4      | 2922 ||| FLEEEEING.
  2923 | D:4      | 2923 ||| STAIRDANCE
  2982 | D:3      | 2982 ||| READING scroll labelled NURRIERIACS.
  2985 | D:4      | 2985 ||| STAIRDANCE
  2989 | D:3      | Reached skill level 1 in Dodging
  2989 | D:3      | Reached XP level 7. HP: 25/44 MP: 7/7
  3065 | D:4      | Reached skill level 6 in Axes
  3093 | D:4      | 3093 ||| DRINKING 2 potions of curing.
  3093 | D:4      | 3093 ||| (to cure confusion)
  3097 | D:4      | Reached * piety under Okawaru
  3220 | D:4      | Reached skill level 1 in Invocations
  3413 | D:4      | 3413 ||| Stepping ~*~*~tactically~*~*~ (hiding).
  3416 | D:4      | 3416 ||| Stepping ~*~*~tactically~*~*~ (hiding).
  3747 | D:4      | 3747 ||| Stepping ~*~*~tactically~*~*~ (stealth).
  3772 | D:4      | 3772 ||| Stepping ~*~*~tactically~*~*~ (hiding).
  3773 | D:4      | 3773 ||| Stepping ~*~*~tactically~*~*~ (hiding).
  3776 | D:4      | 3776 ||| INVOKING Heroism.
  3782 | D:4      | Reached skill level 1 in Throwing
  3800 | D:4      | 3800 ||| Stepping ~*~*~tactically~*~*~ (stealth).
  3821 | D:4      | 3821 ||| INVOKING Heroism.
  3879 | D:4      | 3879 ||| Stepping ~*~*~tactically~*~*~ (stealth).
  3880 | D:4      | 3880 ||| Stepping ~*~*~tactically~*~*~ (stealth).
  3910 | D:4      | Reached skill level 7 in Axes
  3925 | D:4      | 3925 ||| Stepping ~*~*~tactically~*~*~ (stealth).
  3929 | D:4      | 3929 ||| Stepping ~*~*~tactically~*~*~ (hiding).
  3931 | D:4      | 3931 ||| Stepping ~*~*~tactically~*~*~ (hiding).
  3969 | D:4      | 3969 ||| UPGRADING to +0 chain mail.
  3979 | D:4      | 3979 ||| DROPPING +0 scale mail.
  3980 | D:4      | 3980 ||| READING scroll labelled XOF SEOLOB.
  4081 | D:4      | 4081 ||| READING scroll labelled JOELIA VICK.
  4082 | D:4      | 4082 ||| READING 2 scrolls of identify.
  4082 | D:4      | 4082 ||| IDENTIFYING glowing pink potion
  4107 | D:5      | Entered Level 5 of the Dungeon
  4139 | D:5      | 4139 ||| Stepping ~*~*~tactically~*~*~ (hiding).
  4393 | D:5      | HP: 11/44 [acid dragon (2)]
  4394 | D:5      | 4394 ||| DRINKING potion of heal wounds.
  4396 | D:5      | Reached XP level 8. HP: 21/49 MP: 9/9
  4396 | D:5      | 4396 ||| INVOKING Heroism.
  4396 | D:5      | Killed from afar by an acid dragon

Levels and vault maps discovered:
D:1:      minmay_arrival_loop, layout_loops_ring,
          shapermc_ecumenical_altar_rom_forum, minmay_shallow_snake_nest
D:2:      layout_basic
D:3:      minmay_spotlight, layout_basic, nicolae_elyvilon_temple_path,
          okawaru_trees_2, mainiacjoe_overflow_concentric_impassable,
          uniq_sigmund
D:4:      minmay_octagon_keep, layout_basic, zin_academy
D:5:      layout_basic, lemuel_crystal_altar, nemelex_diamond_rough_becter,
          lemuel_tele_altar

Skill      XL: |  1  2  3  4  5  6  7 |
---------------+----------------------+-----
Axes           | 2 3 4 5 7 |  7.0
Fighting       | 4 5 |  5.0
Dodging        | 1 |  1.3
Invocations    | 1 |  1.4
Throwing       | 1 |  1.0
Armour         | |  3.2
Shields        | |  3.2

Action                     |  1- 3 |  4- 6 |  7- 9 || total
---------------------------+-------+-------+-------++-------
  Melee: War axe           |   106 |    82 |   141 ||   329
  Throw: Boomerang         |       |    38 |    38 ||    76
 Invoke: Heroism           |       |       |     3 ||     3
    Use: Scroll            |     2 |     3 |     3 ||     8
         Potion            |       |     3 |     2 ||     5
 Armour: Scale mail        |    58 |    30 |    46 ||   134
         Chain mail        |       |       |    27 ||    27
  Dodge: Dodged            |    41 |    34 |    56 ||   131
  Block: Buckler           |    21 |    15 |    27 ||    63

Table legend:
 A = Non-vault XP
 B = Vault XP
 C = Vault XP percentage of total XP
 D = Non-vault monster count
 E = Vault monster count
 F = Vault count percentage of total count
                 A         B        C        D         E       F
            +---------+---------+-------+---------+---------+-------
      Total |     730 |     504 |  40.8 |      94 |      22 |  19.0
            +---------+---------+-------+---------+---------+-------
        D:1 |      68 |       3 |   4.2 |      33 |       2 |   5.7
        D:2 |      47 |       0 |   0.0 |      14 |       0 |   0.0
        D:3 |     125 |     243 |  66.0 |      22 |       6 |  21.4
        D:4 |     390 |     258 |  39.8 |      19 |      14 |  42.4
        D:5 |     100 |       0 |   0.0 |       6 |       0 |   0.0
            +---------+---------+-------+---------+---------+-------
